 Dungeon Crawl Stone Soup version 0.20.1-1-g8b1a95d (webtiles) character file.

154 Jazqa the Skirmisher (level 5, -5/46 HPs)
             Began as a Draconian Transmuter on Oct 23, 2017.
             Was an Initiate of Ru.
             Slain by a phantom (9 damage)
             ... on level 5 of the Dungeon.
             The game lasted 00:07:12 (3873 turns).

Jazqa the Skirmisher (Draconian Transmuter)         Turns: 3873, Time: 00:07:12

Health: -5/46      AC:  2    Str: 12    XL:     5   Next: 13%
Magic:  4/8        EV: 25    Int: 21    God:    Ru [......]
Gold:   162        SH:  0    Dex: 22    Spells: 2/8 levels left

rFire    . . .     SeeInvis .     - Unarmed
rCold    . . .     Gourm    .   (shield currently unavailable)
rNeg     . . .     Faith    .   (armour unavailable)
rPois    x         Spirit   .   (helmet currently unavailable)
rElec    .         Reflect  .   (cloak currently unavailable)
rCorr    .         Harm     .   (gloves currently unavailable)
MR       .....                  (boots currently unavailable)
Stlth    +++.......             (no amulet)
Regen    0.2/turn               (no ring)
MPRegen  0.2/turn               (no ring)

@: brilliant, agile, spider-form, flying
A: unfitting armour, blurry vision 1, clever 1, AC +5
a: End Transformation, Renounce Religion


You were on level 5 of the Dungeon.
You worshipped Ru.
Ru was noncommittal.
You were hungry.
You were a venomous arachnid creature.
You visited 1 branch of the dungeon, and saw 5 of its levels.

You collected 162 gold pieces.

Inventory:

Missiles
 a - 55 arrows
Jewellery
 e - a +5 ring of protection {unknown}
Wands
 v - a wand of flame (32/48)
Scrolls
 d - a scroll of amnesia {unknown}
 f - 2 scrolls of random uselessness {unknown}
 g - a scroll of recharging {unknown}
 h - 3 scrolls of remove curse {unknown}
 l - 3 scrolls of identify {unknown}
 o - a scroll of enchant armour {unknown}
 p - a scroll of magic mapping {unknown}
 u - a scroll of fear {unknown}
Potions
 i - 5 potions of mutation
 n - a potion of invisibility {unknown}
 q - a potion of brilliance
Books
 b - a book of Changes

   Spells                             Type                      Level
   a - Beastly Appendage              Transmutation                1
   b - Sticks to Snakes               Transmutation                2
   c - Spider Form                    Transmutation/Poison         3
   d - Ice Form                       Ice/Transmutation            4
   e - Blade Hands                    Transmutation                5
Comestibles
 c - 2 bread rations
 j - 7 fruits
 m - 2 royal jellies
 t - a meat ration


   Skills:
 - Level 4.0 Fighting
 - Level 2.0 Dodging
 - Level 3.0 Unarmed Combat
 - Level 2.0 Spellcasting
 + Level 3.8 Transmutations


You had 2 spell levels left.
You knew the following spells:

 Your Spells              Type           Power        Failure   Level  Hunger
a - Beastly Appendage     Tmut           ####..       1%          1    #......
b - Sticks to Snakes      Tmut           ####....     1%          2    ##.....
c - Spider Form           Tmut/Pois      ###.......   5%          3    ###....


Dungeon Overview and Level Annotations

Branches:
Dungeon (5/15)
 Temple: D:4-7

Altars:
Dithmenos
Elyvilon
Gozag
Ru
Trog


Innate Abilities, Weirdness & Mutations

((Your plain brown scales are hard. (AC +5)))
You cannot fit into any form of body armour.
((You are cold-blooded and may be slowed by cold attacks.))
Scrolls take you a little longer to read.
Your mind is acute. (Int +2)


Message History

You climb downwards.
There is a stone staircase leading up here.
Unknown command.
It was a potion of flight.
You feel very buoyant.
You fly up into the air.
The phantom hits you.
* * * LOW HITPOINT WARNING * * *
It was a potion of agility.
You feel agile all of a sudden. The phantom completely misses you.
Casting: Spider Form
Confirm with . or Enter, or press ? or * to list all spells.
You turn into a venomous arachnid creature.
The phantom closely misses you.
You hit the phantom but do no damage.
The phantom is moderately damaged.
You hit the phantom.
The phantom is heavily damaged.
The phantom hits you!
You die... ######### #.....Ws# #.#######

You could see a phantom.

Vanquished Creatures
  An iguana (D:4)
  A worker ant (D:4)
  3 adders
  An ooze (D:2)
  3 worms
  A dart slug (D:2)
  3 leopard geckos (D:3)
  An orc (D:3)
  A ball python (D:3)
  10 bats
  2 giant cockroaches
  5 goblins
  6 hobgoblins
  4 jackals (D:1)
  4 kobolds
  A quokka (D:2)
  18 rats
65 creatures vanquished.

Notes
Turn   | Place    | Note
-------+----------+-------------------------------------------
     0 | D:1      | Jazqa the Draconian Transmuter began the quest for the Orb.
     0 | D:1      | Reached XP level 1. HP: 16/16 MP: 3/3
   275 | D:1      | Reached skill level 2 in Fighting
   460 | D:1      | Gained mutation: Scrolls take you a little longer to read. [potion of mutation]
   460 | D:1      | Gained mutation: Your mind is acute. (Int +2) [potion of mutation]
   462 | D:1      | Reached XP level 2. HP: 12/24 MP: 5/5
   656 | D:1      | Learned a level 2 spell: Sticks to Snakes
  1278 | D:2      | Found a white marble altar of Elyvilon.
  1443 | D:2      | Reached XP level 3. HP: 30/30 MP: 6/6
  1476 | D:2      | You fall through a shaft for 2 floors!
  1487 | D:4      | Reached skill level 3 in Fighting
  1853 | D:2      | Reached XP level 4. HP: 38/38 MP: 5/7
  2117 | D:2      | Found a bloodstained altar of Trog.
  2264 | D:2      | Found a sacrificial altar of Ru.
  2414 | D:2      | Became a worshipper of Ru the Awakened
  2814 | D:2      | Found a shadowy altar of Dithmenos.
  2869 | D:2      | Learned a level 3 spell: Spider Form
  2985 | D:3      | Found an opulent altar of Gozag.
  3154 | D:3      | Noticed an ogre
  3428 | D:3      | Reached skill level 4 in Fighting
  3447 | D:3      | Reached XP level 5. HP: 45/46 MP: 6/8
  3814 | D:4      | Noticed a phantom
  3868 | D:5      | Entered Level 5 of the Dungeon
  3873 | D:5      | Slain by a phantom

Skill      XL: |  1  2  3  4 |
---------------+-------------+-----
Dodging        | 2 |  2.0
Fighting       | 2 3 4 |  4.0
Transmutations | 3 |  3.8
Unarmed Combat | |  3.0
Spellcasting   | |  2.0

Action                   |  1- 3 |  4- 6 || total
-------------------------+-------+-------++-------
Melee: Unarmed           |   131 |   166 ||   297
       Tailslap          |     8 |    14 ||    22
       Punch             |     2 |     3 ||     5
       Kick              |     3 |     8 ||    11
       Headbutt          |     2 |     7 ||     9
 Cast: Beastly Appendage |     9 |    12 ||    21
       Spider Form       |       |     5 ||     5
  Use: Potion            |     1 |     3 ||     4
 Stab: Sleeping          |     3 |       ||     3
  Eat: Chunk             |     3 |     7 ||    10
Armor: Skin              |    30 |    61 ||    91
Dodge: Dodged            |    67 |   131 ||   198
